 Dungeon Crawl Stone Soup version 0.22-a0-284-g99d1f74 (webtiles) character file.

25373 Serpenta the Transmogrifier (level 13, -3/88 HPs)
             Began as an Octopode Chaos Knight on Mar 20, 2018.
             Slain by an entropy weaver (14 damage)
             ... on level 5 of the Lair of Beasts.
             The game lasted 00:53:22 (17626 turns).

Serpenta the Transmogrifier (OpCK)                 Turns: 17626, Time: 00:53:23

Health: -3/88      AC:  0    Str: 13    XL:     13   Next: 19%
Magic:  15/23      EV: 20    Int: 21    God:    Xom [*.....]
Gold:   959        SH:  5    Dex: 18    Spells: 16/25 levels left

rFire    + + .     SeeInvis +   a - +7 quick blade
rCold    + . .     Gourm    .   w - +0 buckler
rNeg     . . .     Faith    .   p - +2 hat of Polish {god gift, +Blink rPois Int+4}
rPois    +         Spirit   .   u - amulet of Efeatycs {RegenMP Fragile rF+ rC+ Str+2}
rElec    .         Reflect  .   f - ring of see invisible
rCorr    .         Harm     .   (no ring)
MR       .....                  (no ring)
Stlth    +++++.....             (no ring)
HPRegen  0.24/turn              (no ring)
MPRegen  0.43/turn              (no ring)
                                (no ring)
                                (no ring)

@: corroded
A: almost no armour, stealthy swim, amphibious, 8 rings, constrict 8, camouflage
1, agile 2, fire resistance 1, mutation resistance 1, sense surroundings 1,
shaggy fur 1, gelatinous body 1
a: Renounce Religion, Evoke Blink


You were on level 5 of the Lair of Beasts.
You worshipped Xom.
You were a special plaything of Xom.
You were hungry.

You visited 2 branches of the dungeon, and saw 15 of its levels.
You also visited: Volcano.

You collected 959 gold pieces.


Innate Abilities, Weirdness & Mutations

You cannot wear most types of armour.
You are very stealthy in the water. (Stealth+)
You are amphibious.
You can wear up to eight rings at the same time.
You can use your tentacles to constrict eight enemies at once.
Your skin changes colour to match your surroundings (Stealth+).
Your rubbery body absorbs attacks. (AC +1, EV +1)
You are very agile. (Dex +4)
Your flesh is heat resistant. (rF+)
You are somewhat resistant to further mutation.
You passively map a small area around you.
You are covered in fur. (AC +1)


   Skills:
 + Level 7.9 Fighting
 - Level 6.4 Short Blades
 + Level 8.6 Dodging
 - Level 9.4 Stealth
 - Level 4.0 Shields
 + Level 6.7 Spellcasting
 - Level 9.7 Transmutations
 - Level 9.7 Earth Magic
 - Level 6.1 Evocations


You had 16 spell levels left.
You knew the following spells:

 Your Spells              Type           Power        Failure   Level  Hunger
b - Blink                 Tloc           N/A          14%         2    None
A - Mephitic Cloud        Conj/Pois/Air  #.......     26%         3    #......
B - Petrify               Tmut/Erth      #####...     1%          4    ###....

Action                   |  1- 3 |  4- 6 |  7- 9 | 10-12 | 13-15 || total
-------------------------+-------+-------+-------+-------+-------++-------
Melee: Short sword       |    31 |       |       |       |       ||    31
       Constrict         |     9 |    17 |    50 |    69 |     7 ||   152
       Dagger            |    29 |   103 |   211 |   671 |    46 ||  1060
       Tentacles         |     6 |    11 |    49 |   165 |    24 ||   255
       Kick              |       |    13 |    36 |    66 |    28 ||   143
       Quick blade       |       |       |       |       |    35 ||    35
Throw: Javelin           |       |     1 |     7 |     8 |       ||    16
 Cast: Blink             |       |     1 |     1 |     1 |       ||     3
       Petrify           |       |       |       |    44 |    20 ||    64
Evoke: Wand              |       |       |     3 |    17 |    12 ||    32
  Use: Scroll            |       |     1 |    12 |     6 |     6 ||    25
       Potion            |       |       |       |     6 |       ||     6
 Stab: Sleeping          |    10 |    17 |    17 |    31 |     4 ||    79
       Paralysed         |     2 |       |       |     1 |       ||     3
       Distracted        |       |       |     2 |     1 |       ||     3
       Confused          |       |       |       |     2 |       ||     2
       Petrified         |       |       |       |    29 |    10 ||    39
       Petrifying        |       |       |       |    16 |     7 ||    23
  Eat: Chunk             |     1 |     8 |    11 |    24 |     3 ||    47
       Ration            |       |       |       |     3 |     1 ||     4
Armor: Skin              |     4 |    12 |    14 |    88 |     2 ||   120
Dodge: Dodged            |    28 |    44 |    72 |   335 |    40 ||   519
Block: Buckler           |       |       |    28 |   118 |    12 ||   158

Inventory:

Hand Weapons
 a - a +7 quick blade (weapon)
Missiles
 E - a poisoned javelin (quivered) {god gift}
Armour
 p - the +2 hat of Polish (worn) {god gift, +Blink rPois Int+4}
   (Xom gifted it to you on level 2 of the Dungeon)

   It affects your intelligence (+4).
   It protects you from poison.
   It lets you blink.
 w - a +0 buckler (worn)
 B - a +1 large shield
Jewellery
 c - the ring of Foolhardiness {rPois rF+ rC+ Dex+7 Slay-3}
   (You found it on level 6 of the Dungeon)

   [ring of protection from cold]

   It affects your dexterity (+7).
   It affects your accuracy and damage with ranged weapons and melee attacks
   (-3).
   It protects you from fire.
   It protects you from cold.
   It protects you from poison.
 f - a ring of see invisible (left tentacle)
 k - an uncursed amulet of regeneration
 u - the amulet of Efeatycs (around mantle) {RegenMP Fragile rF+ rC+ Str+2}
   (You found it on level 2 of the Lair of Beasts)

   [amulet of magic regeneration]

   It increases your magic regeneration.
   It affects your strength (+2).
   It protects you from fire.
   It protects you from cold.
   It will be destroyed if unequipped.
 v - an uncursed ring of fire
Wands
 n - a wand of iceblast (14)
 r - a wand of digging (14)
 z - a wand of polymorph (17)
 C - a wand of flame (58)
 D - a wand of acid (2)
 H - a wand of scattershot (2)
Scrolls
 l - 6 scrolls of remove curse
 m - 4 scrolls of teleportation
 t - 2 scrolls of magic mapping
 y - a scroll of fog
 A - 2 scrolls of blinking
 F - 3 scrolls of fear
 K - a scroll of enchant armour
Potions
 d - 2 potions of brilliance
 e - 5 potions of curing
 h - 5 potions of heal wounds
 j - a potion of haste {unknown}
 o - 2 potions of might
 q - 5 potions of magic
 s - a potion of degeneration {unknown}
 x - 2 potions of berserk rage
 G - 3 potions of mutation
 J - a potion of flight
 L - a potion of agility
Miscellaneous
 I - a phial of floods
Comestibles
 b - 20 rations
 g - 2 chunks of flesh {@w1}

####PP........P##.####
..PP........)..#.#.P.##
.................PPP..#
....................#.#
####.#.....######....##
.#.#######.# ##..### ##
..## ### ##...# ####.
..## ### ####P.a## #.#..
#..####.####....@.#
##....
.#...#P..##.......##
#.....
#....#P......####..#####
#..... ###....>.....#
##.....# #.....
##).^.....## #.....##
#..... ##..#..####
###.P..#####.....
#...#### ###...##.......
##.## ###...##.....
#...# #...........


You could see an entropy weaver (petrifying).

Vanquished Creatures
  Josephine (Lair:4)
  A centaur warrior (Volcano)
  2 two-headed ogres (D:8)
  A hell knight (Volcano)
  Maurice (D:8)
  2 molten gargoyles (Volcano)
  4 black mambas
  Psyche (D:8)
  A torpor snail (Lair:5)
  A rime drake (Lair:1)
  4 spiny frogs
  A yaktaur (Volcano)
  8 komodo dragons
  8 hippogriffs
  4 blink frogs (Lair:2)
  A vampire (D:8)
  2 fire bats (Volcano)
  29 yaks
  3 wraiths (Lair:4)
  2 basilisks
  A steam dragon (D:6)
  2 soldier ants (Lair:4)
  10 water moccasins
  3 porcupines
  An eye of draining (D:8)
  A swamp drake (D:7)
  3 black bears
  An ice beast (D:5)
  A sky beast (D:7)
  4 ogres
  A phantom (D:8)
  4 wolves (Lair:1)
  5 centaurs
  10 crocodiles
  Blork the orc (D:5)
  11 bullfrogs
  2 scorpions
  6 killer bees
  A howler monkey (D:8)
  An electric eel (Lair:2)
  4 lava snakes (Volcano)
  2 crimson imps (D:8)
  8 orc priests
  13 jellies
  3 orc wizards
  Crazy Yiuf (D:3)
  3 hounds
  Ijyb (D:5)
  Jessica (D:7)
  9 iguanas
  8 worker ants
  2 worker ant zombies
  3 gnolls
  10 adders
  A shadow imp (D:6)
  3 oozes
  2 adder zombies
  An adder skeleton (D:6)
  2 worms
  2 dart slugs (D:1)
  5 leopard geckos
  44 orcs
  3 ball pythons
  7 giant cockroaches
  4 goblins
  5 hobgoblins
  4 jackals (D:4)
  8 quokkas
  5 bats
  10 frilled lizards
  A jackal skeleton (D:6)
  6 kobolds
  2 quokka skeletons
  9 rats
  A fungus (Lair:1)
339 creatures vanquished.

Vanquished Creatures (collateral kills)
  Pikel (D:5)
  8 yaks
  An ogre (D:5)
  2 wolves (Lair:1)
  A crimson imp (D:5)
  A jelly (Lair:5)
  The ghost of 4thArraOfDagon the Slasher, a weakling FoWr (D:5)
  An adder (D:5)
  2 jackals (D:5)
18 creatures vanquished.

Vanquished Creatures (others)
  A hound (D:5)
  3 orcs
  12 fungi
  4 plants
  4 toadstools (D:1)
24 creatures vanquished.

Grand Total: 381 creatures vanquished

Vault maps used:
D:1:      ldierk_walled_garden_2, nrook_mini_backslash,
          corexii_item_surrounded_by_moat
D:2:      overflow_temple_1_default, marbit_many_paths
D:3:      nicolae_overflow_hidden_temple, first_ration,
          kennysheep_generic_room_16, uniq_crazy_yiuf_cottage
D:4:      zin_treasury, minmay_temple_entry_nine_rooms
D:5:      serial_shops, shop, kennysheep_generic_room_5, uniq_blork_the_orc,
          uniq_edmund, uniq_ijyb, uniq_pikel
D:6:      kennysheep_ying_yang, basic_altar, uniq_sigmund
D:7:      tgw_sif, gammafunk_temple_overflow_statue
D:8:      serial_shops, shop, uniq_maurice, uniq_psyche
D:9:      gammafunk_temple_overflow_wave, due_lair_maze_entry_diamond,
          orc_0_dummy, basic_altar
Lair:1:   beast_lair_carwin_large_3, nicolae_lair_grove_arrangements,
          st_stairs_4, columned_hall_lemuel, lemuel_fruit_tree
Lair:2:   minmay_guarded_unrand_snakebite, elwin_shoals_entry_rocks,
          serial_bayou_shore_b
Lair:3:   dummy_spider_entry, minivault_25, grunt_forest_small_clearing_treed
Lair:4:   gammafunk_mikee_crab_dinner, enter_volcano_1, minivault_29,
          uniq_josephine
Lair:5:   minmay_slime_entry_jelly_boxes
Lair:6:   evil_forest, grunt_megastairs_5
Volcano:  volcano_lake


Message History

Confirm with . or Enter, or press ? or * to list all spells.
Aiming: Petrify (safe; 1% risk of failure)
Press: ? - help, Shift-Dir - straight line, f - entropy weaver
Aim: an entropy weaver (chance to defeat MR: 36%)
The entropy weaver easily resists.
You are feeling hungry.
The entropy weaver hits you. x3; The entropy weaver hits you!
Casting: Petrify (safe; 1% risk of failure)
Confirm with . or Enter, or press ? or * to list all spells.
Aiming: Petrify (safe; 1% risk of failure)
Press: ? - help, Shift-Dir - straight line, f/p - entropy weaver
Aim: an entropy weaver (chance to defeat MR: 36%)
The entropy weaver is moving more slowly.
The entropy weaver misses you. The entropy weaver hits you! x2
* * * LOW HITPOINT WARNING * * *
The entropy weaver hits you!
* * * LOW HITPOINT WARNING * * *
The entropy weaver hits you!
You die...
Xom roars with laughter!

Notes
Turn   | Place    | Note
-------+----------+-------------------------------------------
     0 | D:1      | Serpenta the Octopode Chaos Knight began the quest for the Orb.
     0 | D:1      | Reached XP level 1. HP: 16/16 MP: 1/1
    38 | D:1      | Reached skill level 1 in Stealth
   229 | D:1      | Reached XP level 2. HP: 21/21 MP: 2/2
   992 | D:1      | XOM: noise
   998 | D:2      | Found a stormy altar of Qazlal.
  1006 | D:2      | Reached XP level 3. HP: 18/26 MP: 3/3
  1071 | D:2      | XOM: divination: detect items
  1227 | D:2      | Reached XP level 4. HP: 31/31 MP: 4/4
  1314 | D:2      | Learned a level 2 spell: Blink
  1549 | D:2      | Found a sacrificial altar of Ru.
  1593 | D:2      | XOM: god gift: heavily runed hat {god gift}
  1596 | D:2      | Got a heavily runed hat {god gift}
  1602 | D:2      | Identified the +2 hat of Polish {god gift, +Blink rPois Int+4} (Xom gifted it to you on level 2 of the Dungeon)
  1800 | D:3      | XOM: cloud trail
  2153 | D:3      | Found a runed door.
  2186 | D:3      | XOM: god gift: scorched quarterstaff {god gift}
  2187 | D:3      | Got a scorched quarterstaff {god gift}
  2188 | D:3      | Identified the +5 quarterstaff "Gunov" {god gift, chaos, rF+} (Xom gifted it to you on level 3 of the Dungeon)
  2433 | D:3      | XOM: give mutation
  2433 | D:3      | Gained mutation: You are agile. (Dex +2) [Xom's grace]
  2696 | D:3      | Found a sparkling altar of Nemelex Xobeh.
  2697 | D:3      | Found a shadowy altar of Dithmenos.
  2699 | D:3      | Found a shimmering altar of Xom.
  2821 | D:3      | XOM: give mutations
  2821 | D:3      | Gained mutation: One of your tentacles bears a spike. [Xom's grace]
  2821 | D:3      | Gained mutation: You passively map a small area around you. [Xom's grace]
  2904 | D:4      | Reached XP level 5. HP: 36/36 MP: 5/5
  3067 | D:4      | XOM: god gift: 2 poisoned javelins {god gift}
  3226 | D:4      | Reached skill level 5 in Stealth
  3226 | D:4      | Reached skill level 1 in Evocations
  3381 | D:4      | Found a glowing silver altar of Zin.
  3471 | D:4      | Found a staircase to the Ecumenical Temple.
  3561 | D:4      | XOM: give mutations
  3561 | D:4      | Gained mutation: Your mind is acute. (Int +2) [Xom's grace]
  3561 | D:4      | Gained mutation: You are covered in fur. (AC +1) [Xom's grace]
  3561 | D:4      | Gained mutation: Your system is resistant to poisons. (rPois) [Xom's grace]
  3561 | D:4      | Gained mutation: You have an increased reservoir of magic. (+10% MP) [Xom's grace]
  3584 | D:5      | Entered Level 5 of the Dungeon
  3618 | D:5      | Noticed an ogre
  3628 | D:5      | XOM is BORED!
  3628 | D:5      | XOM: medium Chrm miscast
  3631 | D:5      | Noticed 4thArraOfDagon's ghost (weakling FoWr)
  3644 | D:5      | Killed an ogre
  3644 | D:5      | Reached XP level 6. HP: 41/42 MP: 6/8
  3661 | D:5      | Killed 4thArraOfDagon's ghost
  3661 | D:5      | Reached skill level 5 in Short Blades
  3695 | D:5      | Noticed Pikel
  3697 | D:5      | Noticed a slave
  3698 | D:5      | Noticed a slave
  3699 | D:5      | Killed Pikel
  3699 | D:5      | Reached XP level 7. HP: 41/46 MP: 8/10
  3721 | D:5      | XOM: scenery: create altars
  3863 | D:5      | XOM: god gift: 32 gold pieces {god gift}
  3876 | D:5      | Found Noimm's Armour Boutique.
  3899 | D:5      | Reached skill level 1 in Shields
  3911 | D:5      | Noticed Blork the orc
  3928 | D:5      | Killed Blork the orc
  4036 | D:5      | Noticed Ijyb
  4037 | D:5      | Killed Ijyb
  4189 | D:5      | Noticed Edmund
  4193 | D:5      | Noticed Edmund
  4193 | D:5      | Edmund changed into Edmund the worm
  4193 | D:5      | XOM: polymorph Edmund -> Edmund the worm
  4203 | D:5      | Killed Edmund the worm
  4221 | D:5      | XOM: divination: detect creatures
  4418 | D:6      | Reached XP level 8. HP: 41/52 MP: 12/12
  4431 | D:6      | XOM: divine lightning
  4502 | D:6      | XOM: scenery: create altars
  4520 | D:6      | Found a radiant altar of Vehumet.
  4535 | D:6      | Noticed Sigmund
  4545 | D:6      | Learned a level 3 spell: Mephitic Cloud
  4548 | D:6      | Noticed Sigmund
  4548 | D:6      | Sigmund changed into Sigmund the steam dragon
  4548 | D:6      | XOM: polymorph Sigmund -> Sigmund the steam dragon
  4693 | D:6      | XOM: give mutations
  4693 | D:6      | Gained mutation: You are resistant to hostile enchantments. (MR+) [Xom's mischief]
  4693 | D:6      | Lost mutation: You are resistant to hostile enchantments. (MR+) [Xom's mischief]
  4724 | D:6      | Reached skill level 5 in Evocations
  4893 | D:6      | Found a white marble altar of Elyvilon.
  4945 | D:6      | Got a twitching ivory ring
  4946 | D:6      | Identified the ring of Foolhardiness {rPois rF+ rC+ Dex+7 Slay-3} (You found it on level 6 of the Dungeon)
  5005 | D:6      | Found a basalt altar of Yredelemnul.
  5048 | D:6      | Noticed a yak
  5218 | D:5      | XOM: mild Tmut miscast
  5343 | D:7      | Noticed Jessica
  5349 | D:7      | Found a deep blue altar of Sif Muna.
  5350 | D:7      | Killed Jessica
  5365 | D:7      | XOM: mild Ice miscast
  5831 | D:6      | XOM: give mutations
  5831 | D:6      | Lost mutation: One of your tentacles bears a spike. [Xom's mischief]
  5831 | D:6      | Lost mutation: Your system is resistant to poisons. (rPois) [Xom's mischief]
  5831 | D:6      | Gained mutation: Your flesh is heat resistant. (rF+) [Xom's mischief]
  5946 | D:6      | Noticed a yak
  5946 | D:6      | Noticed a yak
  6083 | D:7      | Reached XP level 9. HP: 28/56 MP: 14/14
  6099 | D:7      | XOM: harmless Necr miscast
  6252 | D:7      | XOM: fog
  6271 | D:7      | XOM: harmless Ice miscast
  6547 | D:7      | Found an iron altar of Okawaru.
  6549 | D:7      | Found an opulent altar of Gozag.
  6680 | D:6      | XOM: 7-stop teleportation journey
  6757 | D:7      | XOM: destruction
  6785 | D:7      | XOM: give mutation
  6785 | D:7      | Gained mutation: You are weak. (Str -2) [Xom's mischief]
  7080 | D:8      | Found Viroz's Gadget Shoppe.
  7224 | D:8      | Noticed Psyche
  7228 | D:8      | Killed Psyche
  7228 | D:8      | Reached skill level 5 in Fighting
  7247 | D:8      | XOM: 3-stop teleportation journey
  7248 | D:8      | Noticed a two-headed ogre
  7252 | D:8      | Killed a two-headed ogre
  7252 | D:8      | Reached XP level 10. HP: 69/69 MP: 16/16
  7336 | D:8      | XOM: cleaving
  7493 | D:7      | XOM: medium Necr miscast
  7532 | D:8      | XOM: 3-stop teleportation journey
  7611 | D:8      | Noticed Maurice
  7618 | D:8      | Killed Maurice
  7625 | D:8      | XOM: swap monsters
  7626 | D:8      | XOM: god gift: wand of flame (24) {god gift}
  7641 | D:8      | XOM: chaos cloud
  7645 | D:8      | XOM: polymorph ice beast -> ogre
  7654 | D:8      | XOM: enchant monster (bad)
  7685 | D:8      | XOM: blink monster(s)
  7912 | D:8      | Learned a level 4 spell: Petrify
  7992 | D:8      | Noticed a two-headed ogre
  8002 | D:8      | Killed a two-headed ogre
  8002 | D:8      | Reached skill level 1 in Spellcasting
  8002 | D:8      | Reached skill level 1 in Transmutations
  8002 | D:8      | Reached skill level 1 in Earth Magic
  8906 | D:3      | Noticed Crazy Yiuf
  8911 | D:3      | Killed Crazy Yiuf
  9079 | D:6      | Killed Sigmund the steam dragon
  9175 | D:6      | XOM: noise
  9184 | D:6      | XOM: confusion (+ monsters)
  9201 | D:6      | XOM: god gift: potion of lignification {god gift}
  9238 | D:6      | XOM: enchant monster (bad)
  9626 | D:9      | Found a blossoming altar of Fedhas.
  9643 | D:9      | Found a staircase to the Orcish Mines.
  9743 | D:9      | XOM: enchant monster (good)
  9779 | D:8      | XOM: silly message
  9818 | D:8      | XOM: divination: detect creatures
  9957 | D:9      | Found a glowing golden altar of the Shining One.
  9957 | D:9      | Found a radiant altar of Vehumet.
 10014 | D:9      | Noticed 4thArraOfDagon's ghost (amateur FoWr)
 10040 | D:9      | XOM: god gift: ration {god gift}
 10071 | D:9      | Found a staircase to the Lair.
 10096 | D:9      | Reached XP level 11. HP: 75/75 MP: 17/17
 10105 | D:9      | XOM: destruction
 10164 | D:9      | XOM: cast spell 'Shadow Creatures'
 10168 | D:9      | XOM: polymorph porcupine -> howler monkey
 10526 | D:9      | XOM: divination: magic mapping
 10874 | Lair:1   | Entered Level 1 of the Lair of Beasts
 10963 | Lair:1   | Noticed a four-headed hydra
 10990 | Lair:1   | XOM: scenery: create altars
 11103 | Lair:1   | XOM: destruction
 11105 | Lair:1   | Reached skill level 5 in Transmutations
 11124 | Lair:1   | Reached skill level 5 in Earth Magic
 11126 | Lair:1   | XOM: summons friendly white imp
 11146 | Lair:1   | XOM: summons friendly quasit
 11160 | Lair:1   | XOM: potion effect (haste)
 11172 | Lair:1   | XOM: cleaving
 11206 | Lair:1   | XOM: summons 2 friendly demons
 11238 | Lair:1   | XOM: smoke on damage
 11269 | Lair:1   | XOM: confuse monster(s)
 11279 | Lair:1   | XOM: summons 5 friendly demons
 11308 | Lair:1   | XOM: confuse monster(s)
 11335 | Lair:1   | XOM: 2-stop teleportation journey
 11405 | Lair:1   | XOM: cast spell 'Summon Hydra'
 11431 | Lair:1   | XOM: confuse monster(s)
 11461 | Lair:1   | XOM: cast spell 'Leda's Liquefaction'
 11486 | Lair:1   | XOM: cast spell 'Olgreb's Toxic Radiance'
 11494 | Lair:1   | XOM: harmless Hex miscast
 11644 | Lair:1   | XOM: mild Chrm miscast
 11818 | Lair:1   | XOM: noise
 11821 | Lair:1   | XOM: scenery: create altars
 11842 | Lair:1   | XOM: enchant monster (good)
 11853 | Lair:1   | XOM: fake destruction
 11857 | Lair:1   | XOM: summons 2 friendly demons
 11927 | Lair:1   | XOM: give mutation
 11927 | Lair:1   | Gained mutation: You are somewhat resistant to further mutation. [Xom's grace]
 11964 | Lair:1   | XOM: scenery: create altars
 12191 | Lair:1   | XOM: cleaving
 12388 | Lair:2   | XOM: destruction
 12399 | Lair:2   | XOM: summons 11 friendly demons
 12407 | Lair:2   | Reached XP level 12. HP: 65/81 MP: 20/20
 12447 | Lair:2   | XOM: fog
 12568 | Lair:2   | XOM: enchant monster (good)
 12589 | Lair:2   | XOM: scenery: create altars
 12648 | Lair:2   | Found a staircase to the Shoals.
 12772 | Lair:2   | Found the +8 whip "Snakebite" {curare, rPois}
 12868 | Lair:2   | XOM: give mutations
 12868 | Lair:2   | Gained mutation: One of your tentacles bears a spike. [Xom's grace]
 12868 | Lair:2   | Lost mutation: You are weak. (Str -2) [Xom's grace]
 12868 | Lair:2   | Gained mutation: You are very agile. (Dex +4) [Xom's grace]
 12868 | Lair:2   | Gained mutation: Your system is resistant to poisons. (rPois) [Xom's grace]
 12905 | Lair:2   | Noticed a six-headed hydra
 12979 | Lair:2   | XOM: 6-stop teleportation journey
 13007 | Lair:2   | XOM: 3-stop teleportation journey
 13117 | Lair:2   | Got a scintillating ivory amulet
 13119 | Lair:2   | Identified the amulet of Efeatycs {RegenMP Fragile rF+ rC+ Str+2} (You found it on level 2 of the Lair of Beasts)
 13465 | Lair:3   | XOM: noise
 13489 | Lair:3   | Reached skill level 5 in Spellcasting
 13495 | Lair:2   | XOM: scenery: create altars
 13840 | Lair:3   | XOM: enchant monster (bad)
 13855 | Lair:3   | XOM: summons 2 hostile demons
 13873 | Lair:3   | XOM: potion effect (agility)
 13877 | Lair:3   | XOM: divination: detect items
 13921 | Lair:3   | XOM is BORED!
 13921 | Lair:3   | XOM: medium Ice miscast
 14118 | Lair:3   | XOM: harmless Ice miscast
 14360 | Lair:3   | XOM: divination: detect creatures
 14369 | Lair:3   | Found a hole to the Spider Nest.
 14409 | Lair:3   | XOM: mild Tloc miscast
 14577 | Lair:3   | XOM: silly message
 14578 | Lair:3   | XOM: silly message
 14579 | Lair:3   | XOM: harmless Chrm miscast
 14636 | Lair:3   | XOM: cloud trail
 14779 | Lair:3   | XOM: harmless Conj miscast
 14865 | Lair:4   | Found a dark tunnel.
 14871 | Volcano  | Entered a volcano
 15027 | Volcano  | XOM: silly message
 15109 | Volcano  | Found a bloodstained altar of Trog.
 15109 | Volcano  | Noticed a centaur warrior
 15115 | Volcano  | Killed a centaur warrior
 15202 | Volcano  | Noticed a hell knight
 15208 | Volcano  | XOM: cast spell 'Shadow Creatures'
 15213 | Volcano  | Killed a hell knight
 15374 | Lair:4   | XOM: harmless Tloc miscast
 15375 | Lair:4   | XOM: divination: detect items
 15725 | Lair:4   | Found a runed door.
 15825 | Lair:4   | XOM: noise
 15852 | Lair:4   | XOM: enchant monster (bad)
 15906 | Lair:4   | Noticed Josephine
 15912 | Lair:4   | XOM: confuse monster(s)
 15914 | Lair:4   | Killed Josephine
 15923 | Lair:4   | XOM: butterfly on damage
 15927 | Lair:4   | XOM: confuse monster(s)
 15931 | Lair:4   | Reached XP level 13. HP: 51/86 MP: 22/24
 15954 | Lair:4   | XOM: divination: detect creatures
 15966 | Lair:4   | Noticed an entropy weaver
 15967 | Lair:4   | XOM: cast spell 'Olgreb's Toxic Radiance'
 16267 | Lair:5   | XOM: summons friendly quasit
 16452 | Lair:5   | XOM: harmless Conj miscast
 16546 | Lair:5   | Found a staircase to the Slime Pits.
 16709 | Lair:5   | XOM: summons 1 hostile demon
 16775 | Lair:5   | Identified a scroll of acquirement
 17198 | Lair:6   | Entered Level 6 of the Lair of Beasts
 17323 | Lair:5   | XOM: summons 3 hostile shadow creatures
 17572 | Lair:6   | XOM: noise
 17580 | Lair:6   | XOM: confuse monster(s)
 17615 | Lair:5   | XOM is BORED!
 17615 | Lair:5   | XOM: give mutations
 17615 | Lair:5   | Lost mutation: One of your tentacles bears a spike. [Xom's mischief]
 17615 | Lair:5   | Lost mutation: Your system is resistant to poisons. (rPois) [Xom's mischief]
 17615 | Lair:5   | Lost mutation: You have an increased reservoir of magic. (+10% MP) [Xom's mischief]
 17615 | Lair:5   | Lost mutation: Your mind is acute. (Int +2) [Xom's mischief]
 17619 | Lair:4   | XOM: harmless Fire miscast
 17626 | Lair:5   | Slain by an entropy weaver
